 Dungeon Crawl Stone Soup version 0.29-a0-563-g64e4043184 (webtiles) character file.

Game seed: 15628279285906527267

284787 Armakuni the Impaler (level 22, -16/150 (172) HPs)
             Began as a Meteoran Conjurer on June 6, 2022.
             Was a Priest of Elyvilon.
             Demolished by an ancient champion
             ... wielding a +2 battleaxe of draining
              (22 damage)
             ... on level 3 of the Vaults on June 11, 2022.
             The game lasted 03:35:08 (34479 turns).

Armakuni the Impaler (Meteoran Conjurer)           Turns: 34479, Time: 03:35:09

HP:   -16/150 (172) AC: 25    Str: 15    XL:     22   Next: 42%
MP:   28/46         EV: 12    Int: 29    God:    Elyvilon [***...]
Gold: 2154          SH:  7    Dex: 13    Spells: 24/60 levels left

rFire   + + .      SeeInvis +   a - +10 lance "Wyrmbane" {slay drac, rPois rF+ rC+ AC+3}
rCold   + . .      Faith    .   n - +2 buckler
rNeg    . . .      Spirit   .   C - +5 acid dragon scales
rPois   +          Reflect  .   c - +2 helmet {SInv}
rElec   +          Harm     .   Y - +0 cloak
rCorr   +          Rampage  .   B - +1 pair of gloves of a treasure trove {Int+3 SInv}
Will    +++..                   e - +0 pair of boots
Stlth   +.........              M - amulet of magic regeneration
HPRegen 0.35/turn               W - ring of willpower
MPRegen 0.70/turn               E - ring "Oturph" {Fly rElec rPois rF+}

@: flying, glowing, heavily drained
A: sense surroundings 3, otherworldly, glowing, explore regen
}: 2/15 runes: decaying, serpentine
a: Renounce Religion, Purification, Heal Other, Heal Self


You were on level 3 of the Vaults.
You worshipped Elyvilon.
Elyvilon was most pleased with you.
You visited 7 branches of the dungeon, and saw 35 of its levels.
You also visited: Ossuary.

You collected 4647 gold pieces.
You spent 2493 gold pieces at shops.

Inventory:

Hand Weapons
 a - the +10 lance "Wyrmbane" (weapon) {slay drac, rPois rF+ rC+ AC+3}
   (You took it off Maggie on level 8 of the Dungeon)

   It inflicts extra damage against dragons and draconians.
   AC:        It affects your AC (+3).
   rF:        It protects you from fire.
   rC:        It protects you from cold.
   rPois:     It protects you from poison.
Missiles
 D - 6 throwing nets
Armour
 c - a +2 helmet of see invisible (worn)
 e - a +0 pair of boots (worn)
 n - a +2 buckler (worn)
 B - the +1 pair of gloves of a treasure trove (worn) {Int+3 SInv}
   (You found it on level 15 of the Dungeon)

   Int:       It affects your intelligence (+3).
   SInv:      It lets you see invisible.
 C - +5 acid dragon scales (worn)
 Y - a +0 cloak (worn)
Jewellery
 E - the ring "Oturph" (right hand) {Fly rElec rPois rF+}
   (You bought it in a shop on level 2 of the Dungeon)

   [ring of flight]

   rF:        It protects you from fire.
   rElec:     It insulates you from electricity.
   rPois:     It protects you from poison.
   Fly:       It grants you flight.
 M - an amulet of magic regeneration (around neck)
 V - the ring of Cuok {EV+4 Str+4}
   (You found it on level 3 of the Swamp)

   [ring of evasion]

   EV:        It affects your evasion (+4).
   Str:       It affects your strength (+4).
 W - a ring of willpower (left hand)
Wands
 f - a wand of acid (4)
 k - a wand of digging (6)
 m - a wand of polymorph (14)
 p - a wand of paralysis (21)
 t - a wand of iceblast (3)
 v - a wand of flame (20)
 Q - a wand of charming (3)
 S - a wand of mindburst (2)
Scrolls
 b - 4 scrolls of blinking
 d - 4 scrolls of amnesia
 g - 4 scrolls of fear
 h - 2 scrolls of vulnerability
 o - 7 scrolls of immolation
 q - 8 scrolls of teleportation
 r - 6 scrolls of silence
 s - 4 scrolls of magic mapping
 y - 8 scrolls of noise
 H - 8 scrolls of fog
 O - 6 scrolls of poison
Potions
 i - 10 potions of curing
 j - 3 potions of heal wounds
 l - a potion of magic
 u - 15 potions of mutation
 x - a potion of ambrosia
 z - 4 potions of haste
 A - 4 potions of cancellation
 F - 2 potions of resistance
 G - 2 potions of might
 N - 9 potions of lignification
 U - 2 potions of brilliance
Miscellaneous
 w - a box of beasts
 T - a phantom mirror


   Skills:
 - Level 9.5 Fighting
 - Level 2.0 Maces & Flails
 - Level 20.8 Polearms
 - Level 10.0 Armour
 - Level 5.0 Dodging
 - Level 1.4 Stealth
 - Level 4.0 Shields
 + Level 19.8 Spellcasting
 - Level 15.0 Conjurations
 - Level 4.0 Translocations
 - Level 7.0 Transmutations
 - Level 3.0 Ice Magic
 - Level 20.0 Air Magic
 - Level 15.0 Invocations
 - Level 5.0 Evocations


You had 24 spell levels left.
You knew the following spells:

 Your Spells              Type           Power      Damage    Failure   Level
b - Blink                 Tloc           100%       N/A       1%          2
c - Mephitic Cloud        Conj/Pois/Air  77%        N/A       1%          3
e - Maxwell's Capacitive  Air            49%        ∞         4%          8
f - Freezing Cloud        Conj/Ice/Air   40%        6-21      1%          5
h - Swiftness             Air            98%        N/A       0%          3
m - Iskenderun's Mystic   Conj/Tloc      71%        2d14      1%          4
s - Storm Form            Tmut/Air       41%        N/A       8%          7
z - Airstrike             Air            49%        N/A       0%          4

Your spell library contained the following spells:

 Spells                   Type           Power      Damage    Failure   Level
 Magic Dart               Conj           100%       1d8       0%          1
 Shock                    Conj/Air       100%       1d9       0%          1
 Searing Ray              Conj           100%       2d8       0%          2
 Beastly Appendage        Tmut           100%       N/A       1%          1
 Sting                    Tmut/Pois      100%       1d8       1%          1
 Poisonous Vapours        Pois/Air       100%       N/A       1%          2
 Dazzling Flash           Conj/Hex       100%       N/A       1%          3
 Gell's Gravitas          Tloc           51%        N/A       1%          3
 Lesser Beckoning         Tloc           51%        N/A       1%          3
 Teleport Other           Tloc           51%        N/A       1%          3
 Fulminant Prism          Conj/Hex       32%        3d16      1%          4
 Hailstorm                Conj/Ice       69%        3d14      1%          4
 Sandblast                Erth           56%        2d13      2%          1
 Slow                     Hex            100%       N/A       2%          1
 Ignite Poison            Fire/Tmut/Pois 42%        N/A       2%          3
 Call Imp                 Summ           28%        N/A       3%          2
 Confusing Touch          Hex            28%        N/A       7%          3
 Inner Flame              Hex/Fire       28%        N/A       7%          3
 Vampiric Draining        Necr           28%        2d8       7%          3
 Summon Ice Beast         Ice/Summ       37%        N/A       13%         4
 Manifold Assault         Tloc           51%        N/A       13%         5
 Alistair's Intoxication  Tmut/Pois      32%        N/A       16%         5
 Yara's Violent Unravell  Hex/Tmut       24%        3d11      16%         5
 Cause Fear               Hex            14%        N/A       24%         4
 Olgreb's Toxic Radiance  Pois           28%        N/A       24%         4
 Borgnjor's Vile Clutch   Necr/Erth      14%        N/A       54%         5
 Lee's Rapid Deconstruct  Erth           14%        3d10*     54%         5
 Dispersal                Tloc           25%        N/A       56%         6
 Eringya's Noxious Bog    Tmut/Pois      24%        N/A       65%         6
 Enfeeble                 Hex            14%        N/A       100%        7
 Discord                  Hex            14%        N/A       100%        8
 Polar Vortex             Ice            23%        N/A       100%        9


Dungeon Overview and Level Annotations

Branches:
Dungeon (15/15)            Temple (1/1) D:5            Lair (6/6) D:11
  Swamp (4/4) Lair:3        Snake (4/4) Lair:3        Slime (0/5) Lair:5
    Orc (2/2) D:11            Elf (0/3) Orc:2        Vaults (3/5) D:14
  Crypt (0/3) Vaults:3    Ossuary (visited)
 Depths: D:15

Altars:
Ashenzari
Cheibriados
Dithmenos
Elyvilon
Fedhas
Gozag
Hepliaklqana
Kikubaaqudgha
Makhleb
Nemelex Xobeh
Okawaru
Qazlal
Ru
Sif Muna
Trog
Uskayaw
Vehumet
Wu Jian
Xom
Yredelemnul
Zin
The Shining One
Beogh

Shops:
D:2 ==![(   D:7 :   Orc:1 *(=(!   Orc:2 =[!*   Snake:2 ![(   Snake:3 *=
Snake:4 (   Vaults:2 :

Annotations:
D:7 3 runed translucent doors, Sapher's ghost, novice MeEE


Innate Abilities, Weirdness & Mutations

You passively map a large area around you.
You are easily found by Zot.
You glow in the dark.
You regain HP and MP as you explore.


Message History

As you read the scroll of blinking, it crumbles to dust.
There is an open door here.
You are healed.
The ancient champion points at you and mumbles some strange words.
The iron shot hits you!!
* * * LOW HITPOINT WARNING * * *
The revenant conjures spectral mists around you.
The spectral mist engulfs you but does no damage.
Which direction?
You are engulfed in spectral mist.
The ancient champion points at you and mumbles some strange words.
The iron shot hits you!! Elyvilon protects you from harm!
The revenant conjures spectral mists around you.
The spectral mist engulfs you but does no damage.
There is an open door, spattered with blood here.
You reach down and open the door.
You are engulfed in spectral mist.
The ancient champion hits you with a +2 battleaxe of draining.
* * * LOW HITPOINT WARNING * * *
You feel drained.
You are healed.
You are engulfed in spectral mist.
The ancient champion hits you with a +2 battleaxe of draining!
* * * LOW HITPOINT WARNING * * *
You feel drained.
* * * LOW HITPOINT WARNING * * *
The revenant conjures spectral mists around you.
The spectral mist engulfs the ancient champion but does no damage.
The ancient champion hits you with a +2 battleaxe of draining!
* * * LOW HITPOINT WARNING * * *
You feel drained.
* * * LOW HITPOINT WARNING * * *
The revenant conjures spectral mists around you.
The spectral mist engulfs the ancient champion but does no damage.
The spectral glowing shapeshifter hits you!
* * * LOW HITPOINT WARNING * * *
There is an open door here.
You are engulfed in spectral mist.
* * * LOW HITPOINT WARNING * * *
The ancient champion hits you with a +2 battleaxe of draining!!
You die...

, * , , ** , , *
,* * ,,, , , * *
, , ,##### * * *
* * * #...### * ,
,, , ,#.<.'§# *,
, , , , ,
#...#§#+# ,,
##+##○'.# , ,, ,
* *#☼@§##### ,
##'#z#☼☼☼########
* *,
#○○○Z○Z○☼#.......
* , #○○###☼☼z○..#
###, ####
#####..#...# *,
,, #.##...## , ,
#.#.....# ,
#znZ.>..# * ,, ,
#○#○....#


You could see a revenant, an ancient champion (fast), a spectral deep elf
demonologist (summoned) and a spectral glowing shapeshifter (summoned).

Vanquished Creatures
  Vashnia (Snake:4)
  Nikola (Snake:4)
  Mlioglotl (Swamp:2)
  The ghost of robertstho the Tortoise, an adept MiBe of Trog (Swamp:2)
  The ghost of Nuxue the Conqueror, a journeyman OgIE of Ru (Swamp:3)
  Gastronok (Lair:1)
  Frances (Swamp:2)
  Agnes (D:15)
  2 thorn hunters
  Kirke (Swamp:1)
  12 nagarajas (Snake:4)
  The ghost of Twins the Black Belt, a journeyman MeCK of Okawaru (Snake:4)
  3 vault wardens
  Aizul (Snake:4)
  An orc warlord (Vaults:1)
  5 ironbound thunderhulks (Vaults:2)
  7 ironbound preservers
  5 eleionomae
  A deep elf demonologist (Vaults:2)
  12 dire elephants (Vaults:2)
  5 bunyips
  An entropy weaver (Vaults:1)
  An ettin (Vaults:1)
  Josephine (Orc:1)
  Harold (Orc:1)
  4 shambling mangroves
  4 yaktaur captains
  A jiangshi (Vaults:3)
  4 ogre magi (Orc:2)
  An ice dragon (Lair:1)
  A vault guard (D:14)
  2 salamander tyrants (Snake:4)
  A rakshasa (D:13)
  2 catoblepae
  27 hydras
  3 boulder beetles
  13 naga warriors
  5 ironbound frosthearts
  3 death yaks
  7 centaur warriors
  5 anacondas
  17 two-headed ogres
  7 alligators
  24 naga sharpshooters
  Urug (D:11)
  4 shock serpents (Snake:4)
  Nergalle (D:12)
  3 salamander mystics (Snake:4)
  9 goliath frogs
  2 spriggan druids
  Lodul (D:14)
  2 sea snakes (Snake:2)
  10 swamp dragons
  3 naga ritualists (Snake:4)
  5 wizards
  A flayed ghost (D:13)
  4 spectral hydras (Swamp:3)
  20 deep trolls
  5 lindwurms
  9 ironbound convokers
  11 bog bodies
  A glowing orange brain (Vaults:1)
  A necromancer (Swamp:3)
  A phantasmal warrior (Swamp:3)
  8 harpies (Vaults:1)
  6 orc knights
  4 goliath frog zombies (Swamp:3)
  7 will-o-the-wisps
  2 orc sorcerers (Orc:2)
  5 cyclopes
  13 mana vipers
  12 salamanders
  4 manticores
  4 moths of wrath
  9 elephants (Lair:5)
  17 ugly things
  9 vault sentinels
  13 naga magi
  2 torpor snails
  8 guardian serpents
  21 black mambas
  12 cane toads
  Maggie (D:8)
  A gargoyle (D:12)
  3 unseen horrors
  An unseen horror (shapeshifter) (D:13)
  5 swamp worm zombies (Swamp:3)
  12 komodo dragons
  2 ice devils (Lair:1)
  17 yaktaurs
  A yaktaur (shapeshifter) (D:15)
  5 rime drakes
  Psyche (D:8)
  25 hornets
  7 trolls
  7 tyrant leeches
  3 bloated husks
  9 polar bears
  7 blink frogs (Lair:5)
  14 slime creatures
  2 spectral swamp dragons (Swamp:3)
  15 dream sheep (Lair:6)
  A vampire (D:10)
  A culicivora (shapeshifter) (D:15)
  4 shadows
  26 spriggans
  3 large abominations (Swamp:3)
  13 wraiths
  4 wyverns
  A hog (Swamp:1)
  3 basilisks
  75 yaks
  3 tyrant leech zombies (Swamp:3)
  9 fire bats (D:13)
  2 steam dragons
  13 vampire mosquitoes
  A death yak simulacrum (Lair:1)
  A redback (Vaults:1)
  4 wargs
  17 swamp worms
  11 water moccasins
  3 acid dragons
  32 nagas
  8 swamp drakes
  6 black bears
  26 orc warriors
  3 sky beasts
  An ice beast (D:6)
  8 boggarts
  33 ogres
  36 wolves
  2 centaurs
  2 phantoms
  5 kobold brigands
  Blork the orc (D:5)
  11 bullfrogs
  2 scorpions
  2 gnoll sergeants
  An elf skeleton (D:8)
  15 wights
  2 spriggan zombies (Swamp:3)
  An elephant simulacrum (Lair:1)
  11 killer bees
  A troll zombie (Swamp:3)
  2 electric eels
  7 howler monkeys
  3 centaur zombies (Ossuary)
  2 human zombies
  4 jellies (D:7)
  2 hounds
  9 orc priests
  4 human skeletons (D:8)
  19 orc wizards
  4 mummies (Ossuary)
  15 gnolls
  2 adders
  2 shadow imps
  3 white imps
  2 worms
  A dart slug (D:2)
  56 orcs
  8 endoplasms
  A giant cockroach (D:2)
  6 goblins
  6 hobgoblins
  3 jackals (D:2)
  3 quokkas
  4 ball pythons
  45 bats
  3 frilled lizards
  A goblin skeleton (D:8)
  2 goblin zombies
  A hobgoblin zombie (Ossuary)
  21 kobolds
  3 kobold skeletons (D:8)
  3 kobold zombies
  2 orc skeletons (D:8)
  4 orc zombies
  3 rats
  4 briar patches (Swamp:3)
1251 creatures vanquished.

Vanquished Creatures (others)
  Asterion (Snake:4)
  The ghost of initializr the Stormcaller, a journeyman DrEE of Sif Muna (Lair:4)
  An anaconda (Lair:4)
  An orange crystal statue (D:11)
  A bloated husk (Swamp:1)
  4 humans (Swamp:1)
  A naga (Snake:4)
  3 ball lightnings (Lair:4)
  42 foxfires
  32 fungi
  60 plants
  6 toadstools (D:7)
  4 withered plants (Swamp:3)
157 creatures vanquished.

Grand Total: 1408 creatures vanquished

Notes
Turn   | Place    | Note
-------+----------+-------------------------------------------
     0 | D:1      | Armakuni the Meteoran Conjurer began the quest for the Orb.
     0 | D:1      | Reached XP level 1. HP: 14/14 MP: 5/5
    66 | D:1      | Reached skill level 5 in Conjurations
   115 | D:1      | Reached XP level 2. HP: 20/20 MP: 4/6
   274 | D:1      | Learned a level 2 spell: Searing Ray
   602 | D:1      | Reached XP level 3. HP: 26/26 MP: 4/8
  1084 | D:2      | Found a faded altar of an unknown god.
  1092 | D:2      | Got Plato's Disquisition on Transformation
  1096 | D:2      | Found Cyxokh's Armour Shop.
  1208 | D:2      | Found Namop's Antique Weapon Emporium.
  1299 | D:2      | Found Voux's Distillery.
  1307 | D:2      | Found a burning altar of Makhleb.
  1395 | D:2      | Bought a jewelled whip for 180 gold pieces
  1395 | D:2      | Identified the +7 whip of Might {drain, rC+ Int+4 Stlth+}
                  | (You bought it in a shop on level 2 of the Dungeon)
  1437 | D:2      | Reached XP level 4. HP: 30/30 MP: 7/9
  1485 | D:5      | Entered Level 5 of the Dungeon
  1485 | D:5      | Noticed a scorpion
  1485 | D:5      | Found a hide-covered altar of Uskayaw.
  1491 | D:5      | Killed a scorpion
  1492 | D:5      | Reached skill level 1 in Fighting
  1492 | D:5      | Reached XP level 5. HP: 30/40 MP: 5/10
  1686 | D:2      | Found Parobb's Jewellery Emporium.
  1694 | D:2      | Learned a level 4 spell: Iskenderun's Mystic Blast
  1698 | D:2      | Found Enkieb's Jewellery Emporium.
  2356 | D:5      | Reached skill level 1 in Translocations
  2376 | D:5      | Noticed a phantom
  2385 | D:5      | Killed a phantom
  2386 | D:5      | Reached XP level 6. HP: 48/48 MP: 5/11
  2484 | D:5      | Found a staircase to the Ecumenical Temple.
  2494 | Temple   | Entered the Ecumenical Temple
  2626 | D:6      | Noticed a sky beast
  2626 | D:6      | Noticed an ogre
  2631 | D:6      | Killed an ogre
  2632 | D:6      | Reached XP level 7. HP: 55/55 MP: 5/12
  2708 | D:4      | Got Ytwiantunki's Collected Works on the Rocks and
                  | Weightlessness
  3154 | D:6      | Reached XP level 8. HP: 56/61 MP: 7/13
  3179 | D:6      | Learned a level 3 spell: Mephitic Cloud
  3181 | D:6      | Learned a level 1 spell: Shock
  3191 | D:6      | Reached skill level 10 in Conjurations
  3191 | D:6      | Reached skill level 1 in Air Magic
  3342 | D:6      | Gained mutation: You passively map the area around you.
                  | [Meteoran growth]
  3342 | D:6      | Reached XP level 9. HP: 67/67 MP: 12/16
  3420 | D:6      | Found a shimmering blue altar of Sif Muna.
  3465 | D:6      | Got Sif Muna's Almanac of Transformation
  3489 | D:6      | Learned a level 5 spell: Freezing Cloud
  3512 | D:7      | Reached skill level 5 in Spellcasting
  3512 | D:7      | Reached skill level 5 in Air Magic
  3523 | D:7      | Found a runed translucent gate.
  3523 | D:7      | Found a runed translucent gate.
  3523 | D:7      | Found a runed translucent gate.
  3527 | D:7      | Noticed Sapher's ghost (novice MeEE)
  3615 | D:8      | Reached skill level 1 in Armour
  3619 | D:8      | Found a glowing golden altar of the Shining One.
  3731 | D:8      | Identified the +9 hunting sling of Yllaxaw {venom, Fly
                  | rPois rCorr Int-2}
  3775 | D:8      | Found a sand-covered staircase.
  3786 | Ossuary  | Entered an ossuary
  4071 | D:8      | Found a broken altar of Ashenzari.
  4248 | D:7      | Found Soegh's Book Emporium.
  4256 | D:7      | Upgraded the game from 0.29-a0-553-g81b289dbe5 to
                  | 0.29-a0-555-g3b24f45cc1
  4391 | D:7      | Reached XP level 10. HP: 47/73 MP: 11/18
  4532 | D:9      | Found a blossoming altar of Fedhas.
  4619 | D:8      | Noticed Psyche
  4623 | D:8      | Killed Psyche
  4624 | D:8      | Reached skill level 10 in Air Magic
  4865 | D:8      | Upgraded the game from 0.29-a0-555-g3b24f45cc1 to
                  | 0.29-a0-559-g359e09b9d1
  4884 | D:8      | Noticed Maggie
  4907 | D:8      | Killed Maggie
  5011 | D:9      | Reached skill level 1 in Polearms
  5093 | D:10     | Entered Level 10 of the Dungeon
  5101 | D:10     | Reached XP level 11. HP: 83/83 MP: 16/22
  5286 | D:9      | Reached skill level 5 in Dodging
  5322 | D:9      | Reached skill level 5 in Armour
  5327 | D:9      | Reached skill level 5 in Fighting
  5337 | D:9      | Reached skill level 5 in Polearms
  6097 | D:10     | Got Kypn's Grimoire of the Snowflakes and Summoning
  6324 | D:10     | Found a white marble altar of Elyvilon.
  6334 | D:10     | Became a worshipper of Elyvilon the Healer
  6494 | D:12     | Noticed a manticore
  6500 | D:12     | Killed a manticore
  6526 | D:12     | Noticed Nergalle
  6536 | D:12     | Killed Nergalle
  6537 | D:12     | Reached XP level 12. HP: 34/92 MP: 13/25
  6723 | D:8      | Found a burning altar of Makhleb.
  6723 | D:8      | Found a stormy altar of Qazlal.
  6943 | D:8      | Found an opulent altar of Gozag.
  7301 | D:2      | Bought the ring "Oturph" {Fly rElec rPois rF+} for 512 gold
                  | pieces
  7683 | D:5      | Noticed Blork the orc
  7684 | D:5      | Found a faded altar of an unknown god.
  7685 | D:5      | Found a hazy altar of Hepliaklqana.
  7696 | D:5      | Killed Blork the orc
  7905 | D:11     | You are sucked into a shaft and drop 2 floors!
  7905 | D:13     | Reached * piety under Elyvilon
  7976 | D:13     | Noticed a centaur warrior
  8042 | D:14     | Noticed a centaur warrior
  8080 | D:13     | Found an iron altar of Okawaru.
  8099 | D:13     | Found an ornate altar of the Wu Jian Council.
  8127 | D:13     | Found a runed translucent door.
  8155 | D:13     | Found an ancient bone altar of Kikubaaqudgha.
  8172 | D:13     | Found a broken altar of Ashenzari.
  8185 | D:13     | Noticed a flayed ghost
  8201 | D:13     | Killed a flayed ghost
  8239 | D:13     | Found a snail-covered altar of Cheibriados.
  8282 | D:13     | Reached skill level 10 in Spellcasting
  8332 | D:13     | Found a basalt altar of Yredelemnul.
  8466 | D:13     | Noticed a centaur warrior
  8467 | D:13     | Noticed a rakshasa
  8473 | D:13     | Killed a centaur warrior
  8485 | D:13     | Killed a centaur warrior
  8535 | D:13     | Killed a rakshasa
  8536 | D:13     | Reached skill level 10 in Polearms
  8708 | D:12     | Glimpsed the power of Zot.
  8717 | D:12     | Reached XP level 13. HP: 33/100 MP: 23/28
  8764 | D:12     | Glimpsed the power of Zot.
  8807 | D:12     | Glimpsed the power of Zot.
  8818 | D:12     | Glimpsed the power of Zot.
  8819 | D:12     | Touched by the power of Zot.
  8923 | D:12     | Glimpsed the power of Zot.
  8973 | D:12     | Glimpsed the power of Zot.
  8990 | D:12     | You are sucked into a shaft and drop 1 floor!
  9012 | D:13     | Reached ** piety under Elyvilon
  9016 | D:13     | Glimpsed the power of Zot.
  9025 | D:13     | Glimpsed the power of Zot.
  9026 | D:13     | Touched by the power of Zot.
  9052 | D:13     | Noticed a seven-headed hydra
  9058 | D:13     | Killed a seven-headed hydra
  9059 | D:13     | Reached skill level 10 in Armour
  9128 | D:13     | Glimpsed the power of Zot.
  9181 | D:13     | Glimpsed the power of Zot.
  9221 | D:13     | Glimpsed the power of Zot.
  9235 | D:13     | Glimpsed the power of Zot.
  9236 | D:13     | Touched by the power of Zot.
  9343 | D:13     | Glimpsed the power of Zot.
  9393 | D:13     | Glimpsed the power of Zot.
  9433 | D:13     | Glimpsed the power of Zot.
  9442 | D:13     | Glimpsed the power of Zot.
  9443 | D:13     | Touched by the power of Zot.
  9495 | D:13     | Noticed a two-headed ogre
  9499 | D:13     | Killed a two-headed ogre
  9544 | D:13     | Glimpsed the power of Zot.
  9594 | D:13     | Glimpsed the power of Zot.
  9634 | D:13     | Glimpsed the power of Zot.
  9643 | D:13     | Glimpsed the power of Zot.
  9644 | D:13     | Touched by the power of Zot.
  9749 | D:13     | Glimpsed the power of Zot.
  9799 | D:13     | Glimpsed the power of Zot.
  9848 | D:13     | Glimpsed the power of Zot.
  9857 | D:13     | Touched by the power of Zot.
  9958 | D:13     | Glimpsed the power of Zot.
 10012 | D:13     | Glimpsed the power of Zot.
 10052 | D:13     | Glimpsed the power of Zot.
 10061 | D:13     | Glimpsed the power of Zot.
 10062 | D:13     | Touched by the power of Zot.
 10170 | D:14     | Glimpsed the power of Zot.
 10220 | D:14     | Glimpsed the power of Zot.
 10260 | D:14     | Glimpsed the power of Zot.
 10269 | D:14     | Glimpsed the power of Zot.
 10270 | D:14     | Touched by the power of Zot.
 10270 | D:14     | Noticed a centaur warrior
 10297 | D:14     | Noticed a five-headed hydra
 10299 | D:14     | Noticed Lodul
 10304 | D:14     | Killed a five-headed hydra
 10313 | D:14     | Killed Lodul
 10371 | D:14     | Glimpsed the power of Zot.
 10376 | D:15     | Entered Level 15 of the Dungeon
 10397 | D:14     | Noticed a centaur warrior
 10417 | D:14     | Killed a centaur warrior
 10509 | D:14     | Killed a centaur warrior
 10541 | D:14     | Reached XP level 14. HP: 93/107 MP: 27/29
 10573 | D:14     | Reached skill level 15 in Conjurations
 10852 | D:14     | Found a gate to the Vaults.
 11018 | D:14     | Glimpsed the power of Zot.
 11073 | D:15     | Glimpsed the power of Zot.
 11117 | D:15     | Glimpsed the power of Zot.
 11127 | D:15     | Touched by the power of Zot.
 11242 | D:15     | Learned a level 2 spell: Blink
 11243 | D:15     | Glimpsed the power of Zot.
 11287 | D:15     | Reached skill level 1 in Invocations
 11308 | D:15     | Glimpsed the power of Zot.
 11350 | D:15     | Glimpsed the power of Zot.
 11359 | D:15     | Glimpsed the power of Zot.
 11360 | D:15     | Touched by the power of Zot.
 11463 | D:13     | Glimpsed the power of Zot.
 11513 | D:13     | Glimpsed the power of Zot.
 11551 | D:10     | Glimpsed the power of Zot.
 11560 | D:10     | Glimpsed the power of Zot.
 11561 | D:10     | Touched by the power of Zot.
 11662 | D:11     | Glimpsed the power of Zot.
 11695 | D:11     | Noticed Urug
 11713 | D:11     | Killed Urug
 11714 | D:11     | Reached skill level 1 in Shields
 11716 | D:11     | Glimpsed the power of Zot.
 11756 | D:11     | Glimpsed the power of Zot.
 11765 | D:11     | Glimpsed the power of Zot.
 11766 | D:11     | Touched by the power of Zot.
 11874 | D:11     | Glimpsed the power of Zot.
 11924 | D:11     | Found a staircase to the Orcish Mines.
 11936 | D:11     | Glimpsed the power of Zot.
 11976 | D:11     | Glimpsed the power of Zot.
 11985 | D:11     | Touched by the power of Zot.
 12086 | D:11     | Glimpsed the power of Zot.
 12136 | D:11     | Glimpsed the power of Zot.
 12176 | D:11     | Glimpsed the power of Zot.
 12189 | D:11     | Glimpsed the power of Zot.
 12191 | D:11     | Touched by the power of Zot.
 12282 | D:11     | Found a staircase to the Lair.
 12289 | Lair:1   | Entered Level 1 of the Lair of Beasts
 12289 | Lair:1   | Noticed Gastronok
 12306 | D:11     | Glimpsed the power of Zot.
 12356 | D:12     | Glimpsed the power of Zot.
 12370 | D:12     | Reached skill level 5 in Invocations
 12398 | D:12     | Glimpsed the power of Zot.
 12407 | D:12     | Glimpsed the power of Zot.
 12408 | D:12     | Touched by the power of Zot.
 12488 | Orc:1    | Entered Level 1 of the Orcish Mines
 12494 | Orc:1    | Found Xeock's Antique Weapon Emporium.
 12535 | Orc:1    | Found Wigefok's Antique Weapon Shop.
 12542 | Orc:1    | Noticed Josephine
 12562 | Orc:1    | Killed Josephine
 12588 | Orc:1    | Found Wefeef's Distillery.
 12593 | Orc:1    | Bought a potion of mutation for 112 gold pieces
 12593 | Orc:1    | Bought a potion of mutation for 112 gold pieces
 12593 | Orc:1    | Bought a potion of mutation for 112 gold pieces
 12593 | Orc:1    | Bought a potion of cancellation for 112 gold pieces
 12637 | Orc:1    | Found Loboada's Jewellery Boutique.
 12692 | Orc:1    | Found Dauddy's Assorted Antiques.
 12720 | Orc:1    | Reached *** piety under Elyvilon
 12786 | D:11     | Glimpsed the power of Zot.
 12835 | D:13     | Glimpsed the power of Zot.
 12874 | D:14     | Glimpsed the power of Zot.
 12883 | D:14     | Glimpsed the power of Zot.
 12884 | D:14     | Touched by the power of Zot.
 12902 | D:15     | Identified the +1 pair of gloves of a treasure trove {Int+3
                  | SInv}
 12909 | D:15     | Noticed Agnes
 12916 | D:15     | Killed Agnes
 12984 | D:15     | Glimpsed the power of Zot.
 13034 | D:13     | Glimpsed the power of Zot.
 13074 | D:13     | Glimpsed the power of Zot.
 13083 | D:13     | Glimpsed the power of Zot.
 13084 | D:13     | Touched by the power of Zot.
 13240 | Orc:1    | Bought a dazzling chain mail for 285 gold pieces
 13240 | Orc:1    | Identified the +13 chain mail "Keotutz" {rPois Regen+ rCorr
                  | Str+4 Dex-2} (You bought it in a shop on level 1 of the
                  | Orcish Mines)
 13276 | Orc:1    | Reached XP level 15. HP: 78/125 MP: 16/30
 13390 | Orc:1    | Glimpsed the power of Zot.
 13440 | Orc:1    | Glimpsed the power of Zot.
 13489 | Orc:1    | Glimpsed the power of Zot.
 13499 | Orc:1    | Glimpsed the power of Zot.
 13500 | Orc:1    | Touched by the power of Zot.
 13582 | Orc:2    | Entered Level 2 of the Orcish Mines
 13653 | Orc:2    | Found a staircase to the Elven Halls.
 13672 | Orc:2    | Reached skill level 10 in Invocations
 13682 | Orc:2    | Reached skill level 5 in Evocations
 13709 | Orc:1    | Noticed Harold
 14024 | Orc:2    | Found Zohixzifo's Antique Armour Shop.
 14024 | Orc:2    | Found Ydgheqofoi's Jewellery Emporium.
 14025 | Orc:2    | Found Lonoegg's Assorted Antiques.
 14025 | Orc:2    | Found Poaxza's Distillery.
 14032 | Orc:2    | Bought a shimmering cloak for 237 gold pieces
 14032 | Orc:2    | Identified the +1 cloak "Xajoempihie" {+Inv rC- Dex+4} (You
                  | bought it in a shop on level 2 of the Orcish Mines)
 14036 | Orc:2    | Bought a scroll labelled EMAAZU TEOJO for 41 gold pieces
 14071 | Orc:2    | Bought a potion of cancellation for 136 gold pieces
 14289 | Orc:2    | Glimpsed the power of Zot.
 14342 | Orc:2    | Glimpsed the power of Zot.
 14382 | Orc:2    | Glimpsed the power of Zot.
 14391 | Orc:2    | Glimpsed the power of Zot.
 14392 | Orc:2    | Touched by the power of Zot.
 14495 | Orc:2    | Glimpsed the power of Zot.
 14505 | Orc:1    | Killed Harold
 14547 | Orc:1    | Glimpsed the power of Zot.
 14587 | Orc:1    | Glimpsed the power of Zot.
 14596 | Orc:1    | Glimpsed the power of Zot.
 14597 | Orc:1    | Touched by the power of Zot.
 14757 | Lair:1   | Killed Gastronok
 14979 | Lair:1   | Reached XP level 16. HP: 126/132 MP: 32/32
 15058 | Lair:1   | Reached **** piety under Elyvilon
 15282 | Lair:1   | Glimpsed the power of Zot.
 15335 | Lair:1   | Glimpsed the power of Zot.
 15375 | Lair:1   | Glimpsed the power of Zot.
 15384 | Lair:1   | Glimpsed the power of Zot.
 15385 | Lair:1   | Touched by the power of Zot.
 15500 | Lair:1   | Glimpsed the power of Zot.
 15504 | Lair:1   | Identified the +6 ring mail "Qetidgh" {-Cast rPois rF+++
                  | Regen+}
 15550 | Lair:1   | Glimpsed the power of Zot.
 15590 | Lair:1   | Glimpsed the power of Zot.
 15599 | Lair:1   | Glimpsed the power of Zot.
 15600 | Lair:1   | Touched by the power of Zot.
 15701 | Lair:1   | Glimpsed the power of Zot.
 15706 | Lair:1   | Learned a level 3 spell: Swiftness
 15755 | Lair:1   | Glimpsed the power of Zot.
 16346 | Lair:2   | Glimpsed the power of Zot.
 16396 | Lair:2   | Glimpsed the power of Zot.
 16436 | Lair:2   | Glimpsed the power of Zot.
 16757 | Lair:3   | Reached ***** piety under Elyvilon
 16873 | Lair:3   | Found a runed translucent door.
 16966 | Lair:3   | Found the +8 Wrath of Trog {antimagic, *Rage Rampage}
 17187 | Lair:3   | Found a staircase to the Swamp.
 17363 | Lair:3   | Found a staircase to the Snake Pit.
 17584 | Lair:3   | Glimpsed the power of Zot.
 17634 | Lair:3   | Glimpsed the power of Zot.
 17674 | Lair:3   | Glimpsed the power of Zot.
 17683 | Lair:3   | Glimpsed the power of Zot.
 17684 | Lair:3   | Touched by the power of Zot.
 17793 | Lair:4   | Glimpsed the power of Zot.
 17799 | Lair:4   | Learned a level 4 spell: Airstrike
 17813 | Lair:4   | Noticed initializr's ghost (journeyman DrEE)
 17814 | Lair:4   | Found a runed translucent door.
 17847 | Lair:4   | Glimpsed the power of Zot.
 17887 | Lair:4   | Glimpsed the power of Zot.
 17896 | Lair:4   | Glimpsed the power of Zot.
 17897 | Lair:4   | Touched by the power of Zot.
 17999 | Lair:4   | Glimpsed the power of Zot.
 18051 | Lair:4   | Glimpsed the power of Zot.
 18092 | Lair:4   | Glimpsed the power of Zot.
 18101 | Lair:4   | Glimpsed the power of Zot.
 18102 | Lair:4   | Touched by the power of Zot.
 18204 | Lair:4   | Glimpsed the power of Zot.
 18257 | Lair:4   | Glimpsed the power of Zot.
 18297 | Lair:4   | Glimpsed the power of Zot.
 18306 | Lair:4   | Glimpsed the power of Zot.
 18307 | Lair:4   | Touched by the power of Zot.
 18410 | Lair:4   | Glimpsed the power of Zot.
 18460 | Lair:4   | Glimpsed the power of Zot.
 18500 | Lair:4   | Glimpsed the power of Zot.
 18509 | Lair:4   | Glimpsed the power of Zot.
 18510 | Lair:4   | Touched by the power of Zot.
 18568 | Lair:4   | Killed initializr's ghost
 18612 | Lair:4   | Glimpsed the power of Zot.
 18662 | Lair:4   | Glimpsed the power of Zot.
 18702 | Lair:4   | Glimpsed the power of Zot.
 18711 | Lair:4   | Glimpsed the power of Zot.
 18712 | Lair:4   | Touched by the power of Zot.
 18813 | Lair:4   | Glimpsed the power of Zot.
 19002 | Lair:5   | Found a staircase to the Slime Pits.
 19477 | Lair:5   | Glimpsed the power of Zot.
 19489 | Lair:5   | Reached XP level 17. HP: 138/138 MP: 31/35
 19528 | Lair:5   | Glimpsed the power of Zot.
 19568 | Lair:5   | Glimpsed the power of Zot.
 19577 | Lair:5   | Glimpsed the power of Zot.
 19578 | Lair:5   | Touched by the power of Zot.
 19679 | Lair:5   | Glimpsed the power of Zot.
 19729 | Lair:5   | Glimpsed the power of Zot.
 19769 | Lair:5   | Glimpsed the power of Zot.
 19778 | Lair:5   | Touched by the power of Zot.
 19848 | Lair:6   | Entered Level 6 of the Lair of Beasts
 20531 | Lair:6   | Glimpsed the power of Zot.
 20581 | Lair:6   | Glimpsed the power of Zot.
 20626 | Lair:6   | Glimpsed the power of Zot.
 20640 | Lair:6   | Glimpsed the power of Zot.
 20641 | Lair:6   | Touched by the power of Zot.
 20752 | Lair:6   | Glimpsed the power of Zot.
 20804 | Lair:6   | Glimpsed the power of Zot.
 20844 | Lair:6   | Glimpsed the power of Zot.
 20853 | Lair:6   | Glimpsed the power of Zot.
 20854 | Lair:6   | Touched by the power of Zot.
 20879 | Lair:6   | Reached skill level 15 in Polearms
 20957 | Lair:6   | Glimpsed the power of Zot.
 21019 | Lair:6   | Glimpsed the power of Zot.
 21059 | Lair:6   | Glimpsed the power of Zot.
 21068 | Lair:6   | Glimpsed the power of Zot.
 21069 | Lair:6   | Touched by the power of Zot.
 21170 | Lair:6   | Glimpsed the power of Zot.
 21219 | Lair:5   | Glimpsed the power of Zot.
 21259 | Lair:3   | Glimpsed the power of Zot.
 21267 | Lair:2   | Touched by the power of Zot.
 21366 | Lair:3   | Glimpsed the power of Zot.
 21414 | Snake:1  | Entered Level 1 of the Snake Pit
 22562 | Snake:1  | Glimpsed the power of Zot.
 22612 | Snake:1  | Glimpsed the power of Zot.
 22652 | Snake:1  | Glimpsed the power of Zot.
 22661 | Snake:1  | Glimpsed the power of Zot.
 22662 | Snake:1  | Touched by the power of Zot.
 22763 | Snake:1  | Glimpsed the power of Zot.
 22813 | Snake:1  | Glimpsed the power of Zot.
 22853 | Snake:1  | Glimpsed the power of Zot.
 22862 | Snake:1  | Touched by the power of Zot.
 22967 | Snake:2  | Glimpsed the power of Zot.
 23025 | Snake:2  | Glimpsed the power of Zot.
 23052 | Snake:2  | Found Okyca's Distillery.
 23054 | Snake:2  | Found Lafalau's Armour Emporium.
 23056 | Snake:2  | Found Neloiguu's Antique Weapon Shoppe.
 23064 | Snake:2  | Identified the +0 leather armour "Fireat" {rC+ rCorr
                  | Slay-5}
 23065 | Snake:2  | Glimpsed the power of Zot.
 23070 | Snake:2  | Bought a potion of mutation for 120 gold pieces
 23070 | Snake:2  | Bought a potion of ambrosia for 120 gold pieces
 23074 | Snake:2  | Glimpsed the power of Zot.
 23075 | Snake:2  | Touched by the power of Zot.
 23190 | Snake:2  | Glimpsed the power of Zot.
 23240 | Snake:2  | Glimpsed the power of Zot.
 23280 | Snake:2  | Glimpsed the power of Zot.
 23289 | Snake:2  | Touched by the power of Zot.
 23390 | Snake:2  | Glimpsed the power of Zot.
 23441 | Snake:2  | Gained mutation: You passively map a large area around you.
                  | [Meteoran growth]
 23441 | Snake:2  | Reached XP level 18. HP: 144/146 MP: 37/37
 23443 | Snake:2  | Glimpsed the power of Zot.
 23488 | Snake:2  | Glimpsed the power of Zot.
 23497 | Snake:2  | Glimpsed the power of Zot.
 23498 | Snake:2  | Touched by the power of Zot.
 23609 | Snake:2  | Glimpsed the power of Zot.
 23659 | Snake:2  | Glimpsed the power of Zot.
 23699 | Snake:2  | Glimpsed the power of Zot.
 23704 | Snake:2  | Identified the +0 ring mail "Raimpyta" {Dex+3}
 23708 | Snake:2  | Glimpsed the power of Zot.
 23709 | Snake:2  | Touched by the power of Zot.
 24185 | Snake:3  | Found Hatizeb's Jewellery Shoppe.
 24192 | Snake:3  | Found Haall's Assorted Antiques.
 24201 | Snake:3  | Bought a potion of mutation for 288 gold pieces
 24201 | Snake:3  | Bought a scroll of amnesia for 126 gold pieces
 24445 | Snake:3  | Glimpsed the power of Zot.
 24498 | Snake:3  | Glimpsed the power of Zot.
 24538 | Snake:3  | Glimpsed the power of Zot.
 24547 | Snake:3  | Glimpsed the power of Zot.
 24548 | Snake:3  | Touched by the power of Zot.
 24656 | Snake:3  | Glimpsed the power of Zot.
 24706 | Snake:3  | Glimpsed the power of Zot.
 24746 | Snake:3  | Glimpsed the power of Zot.
 24755 | Snake:3  | Glimpsed the power of Zot.
 24756 | Snake:3  | Touched by the power of Zot.
 24860 | Snake:3  | Glimpsed the power of Zot.
 24910 | Snake:3  | Glimpsed the power of Zot.
 24950 | Snake:3  | Glimpsed the power of Zot.
 24959 | Snake:3  | Glimpsed the power of Zot.
 24960 | Snake:3  | Touched by the power of Zot.
 24963 | Snake:4  | Entered Level 4 of the Snake Pit
 24976 | Snake:4  | Found a transporter.
 25004 | Snake:4  | Found a bloodstained altar of Trog.
 25005 | Snake:4  | Found a transporter.
 25007 | Snake:4  | Noticed Twins's ghost (journeyman MeCK)
 25041 | Snake:4  | Killed Twins's ghost
 25350 | Snake:4  | Noticed Nikola
 25369 | Snake:4  | Killed Nikola
 25371 | Snake:4  | Noticed Asterion
 25380 | Snake:4  | Killed Asterion
 25436 | Snake:4  | Noticed Vashnia
 25475 | Snake:4  | Killed Vashnia
 25736 | Snake:4  | Found Ylizuem's Weapon Shop.
 25756 | Snake:4  | Glimpsed the power of Zot.
 25806 | Snake:4  | Glimpsed the power of Zot.
 25816 | Snake:4  | Reached skill level 15 in Invocations
 25850 | Snake:4  | Glimpsed the power of Zot.
 25861 | Snake:4  | Glimpsed the power of Zot.
 25862 | Snake:4  | Touched by the power of Zot.
 25922 | Snake:4  | Reached XP level 19. HP: 137/151 MP: 30/38
 25968 | Snake:4  | Glimpsed the power of Zot.
 26028 | Snake:4  | Glimpsed the power of Zot.
 26069 | Snake:4  | Glimpsed the power of Zot.
 26078 | Snake:4  | Glimpsed the power of Zot.
 26079 | Snake:4  | Touched by the power of Zot.
 26192 | Snake:4  | Glimpsed the power of Zot.
 26199 | Snake:4  | Noticed Aizul
 26213 | Snake:4  | Killed Aizul
 26245 | Snake:4  | Glimpsed the power of Zot.
 26285 | Snake:4  | Glimpsed the power of Zot.
 26294 | Snake:4  | Glimpsed the power of Zot.
 26295 | Snake:4  | Touched by the power of Zot.
 26401 | Snake:4  | Glimpsed the power of Zot.
 26455 | Snake:4  | Glimpsed the power of Zot.
 26495 | Snake:4  | Glimpsed the power of Zot.
 26504 | Snake:4  | Touched by the power of Zot.
 26605 | Snake:4  | Glimpsed the power of Zot.
 26655 | Snake:4  | Glimpsed the power of Zot.
 26696 | Snake:4  | Glimpsed the power of Zot.
 26705 | Snake:4  | Glimpsed the power of Zot.
 26706 | Snake:4  | Touched by the power of Zot.
 26811 | Snake:4  | Glimpsed the power of Zot.
 26863 | Snake:4  | Glimpsed the power of Zot.
 26903 | Snake:4  | Glimpsed the power of Zot.
 26912 | Snake:4  | Glimpsed the power of Zot.
 26913 | Snake:4  | Touched by the power of Zot.
 26927 | Snake:4  | Got a serpentine rune of Zot
 27016 | Snake:4  | Glimpsed the power of Zot.
 27067 | Snake:4  | Glimpsed the power of Zot.
 27108 | Snake:4  | Glimpsed the power of Zot.
 27121 | Snake:4  | Glimpsed the power of Zot.
 27122 | Snake:4  | Touched by the power of Zot.
 27229 | Snake:4  | Glimpsed the power of Zot.
 27278 | Snake:3  | Glimpsed the power of Zot.
 27317 | Snake:1  | Glimpsed the power of Zot.
 27320 | Lair:3   | Glimpsed the power of Zot.
 27360 | Lair:3   | Glimpsed the power of Zot.
 27369 | Lair:3   | Touched by the power of Zot.
 27392 | Swamp:1  | Entered Level 1 of the Swamp
 27410 | Swamp:1  | Noticed Kirke
 27420 | Swamp:1  | Killed Kirke
 27913 | Swamp:1  | Glimpsed the power of Zot.
 27963 | Swamp:1  | Glimpsed the power of Zot.
 28003 | Swamp:1  | Glimpsed the power of Zot.
 28033 | Swamp:2  | Reached skill level 15 in Spellcasting
 28033 | Swamp:2  | Reached skill level 15 in Air Magic
 28174 | Swamp:2  | Noticed Frances
 28197 | Swamp:2  | Killed Frances
 28259 | Swamp:2  | Learned a level 8 spell: Maxwell's Capacitive Coupling
 28271 | Swamp:2  | Noticed Mlioglotl
 28295 | Swamp:2  | Killed Mlioglotl
 28296 | Swamp:2  | Reached XP level 20. HP: 70/159 MP: 20/40
 28310 | Swamp:2  | HP: 3/159 [hornet[a shambling mangrove] (10)]
 28444 | Swamp:2  | Found a runed translucent gate.
 28444 | Swamp:2  | Found a runed translucent gate.
 28445 | Swamp:2  | Found a runed translucent gate.
 28539 | Swamp:2  | Noticed robertstho's ghost (adept MiBe)
 28605 | Swamp:2  | Killed robertstho's ghost
 28631 | Swamp:2  | Got Sif Muna's Handbook of the Guild-Master
 29005 | Swamp:4  | Entered Level 4 of the Swamp
 29418 | Swamp:3  | Noticed Nuxue's ghost (journeyman OgIE)
 29550 | Swamp:3  | Found a transporter.
 29603 | Swamp:3  | Found a transporter.
 29947 | Swamp:3  | Glimpsed the power of Zot.
 30011 | Swamp:3  | Glimpsed the power of Zot.
 30056 | Swamp:3  | Glimpsed the power of Zot.
 30065 | Swamp:3  | Glimpsed the power of Zot.
 30066 | Swamp:3  | Touched by the power of Zot.
 30182 | Swamp:3  | Glimpsed the power of Zot.
 30232 | Swamp:3  | Glimpsed the power of Zot.
 30272 | Swamp:3  | Glimpsed the power of Zot.
 30281 | Swamp:3  | Glimpsed the power of Zot.
 30282 | Swamp:3  | Touched by the power of Zot.
 30313 | Swamp:3  | Identified the ring of Cuok {EV+4 Str+4}
 30388 | Swamp:4  | Glimpsed the power of Zot.
 30437 | Swamp:4  | Glimpsed the power of Zot.
 30483 | Swamp:4  | Glimpsed the power of Zot.
 30492 | Swamp:4  | Glimpsed the power of Zot.
 30493 | Swamp:4  | Touched by the power of Zot.
 30604 | Swamp:4  | Reached XP level 21. HP: 90/166 MP: 29/43
 30628 | Swamp:4  | Glimpsed the power of Zot.
 30673 | Swamp:4  | Got a decaying rune of Zot
 30685 | Swamp:4  | Glimpsed the power of Zot.
 30730 | Swamp:4  | Glimpsed the power of Zot.
 30739 | Swamp:4  | Glimpsed the power of Zot.
 30740 | Swamp:4  | Touched by the power of Zot.
 30856 | Swamp:4  | Glimpsed the power of Zot.
 30906 | Swamp:4  | Glimpsed the power of Zot.
 30946 | Swamp:4  | Glimpsed the power of Zot.
 30958 | Swamp:4  | Glimpsed the power of Zot.
 30959 | Swamp:4  | Touched by the power of Zot.
 30966 | Swamp:4  | Identified the +6 rapier of Abuse {vorpal, rN++ Will+ rCorr
                  | Dex-5}
 31059 | Swamp:3  | Glimpsed the power of Zot.
 31062 | Swamp:3  | Killed Nuxue's ghost
 31108 | Swamp:1  | Glimpsed the power of Zot.
 31172 | Lair:3   | Learned a level 7 spell: Storm Form
 31196 | Lair:2   | Glimpsed the power of Zot.
 31246 | D:11     | Glimpsed the power of Zot.
 31298 | D:12     | Glimpsed the power of Zot.
 31338 | D:13     | Glimpsed the power of Zot.
 31347 | D:14     | Touched by the power of Zot.
 31406 | Vaults:1 | Entered Level 1 of the Vaults
 31530 | Vaults:1 | Reached skill level 1 in Transmutations
 31938 | Vaults:1 | Glimpsed the power of Zot.
 31995 | Vaults:1 | Glimpsed the power of Zot.
 32044 | Vaults:1 | Glimpsed the power of Zot.
 32053 | Vaults:1 | Glimpsed the power of Zot.
 32054 | Vaults:1 | Touched by the power of Zot.
 32054 | Vaults:1 | Identified the +2 trident of Bainur {antimagic, +Blink
                  | rPois Will- Dex+5}
 32136 | Vaults:1 | Reached skill level 5 in Transmutations
 32167 | Vaults:1 | Glimpsed the power of Zot.
 32217 | Vaults:1 | Glimpsed the power of Zot.
 32258 | Vaults:1 | Glimpsed the power of Zot.
 32267 | Vaults:1 | Touched by the power of Zot.
 32372 | Vaults:1 | Glimpsed the power of Zot.
 32984 | Vaults:2 | Glimpsed the power of Zot.
 33043 | Vaults:2 | Glimpsed the power of Zot.
 33083 | Vaults:2 | Glimpsed the power of Zot.
 33092 | Vaults:2 | Glimpsed the power of Zot.
 33093 | Vaults:2 | Touched by the power of Zot.
 33213 | Vaults:2 | Glimpsed the power of Zot.
 33265 | Vaults:2 | Glimpsed the power of Zot.
 33305 | Vaults:2 | Glimpsed the power of Zot.
 33314 | Vaults:2 | Glimpsed the power of Zot.
 33315 | Vaults:2 | Touched by the power of Zot.
 33418 | Vaults:2 | Glimpsed the power of Zot.
 33468 | Vaults:2 | Glimpsed the power of Zot.
 33521 | Vaults:2 | Glimpsed the power of Zot.
 33530 | Vaults:2 | Glimpsed the power of Zot.
 33531 | Vaults:2 | Touched by the power of Zot.
 33601 | Vaults:2 | Upgraded the game from 0.29-a0-559-g359e09b9d1 to
                  | 0.29-a0-563-g64e4043184
 33649 | Vaults:2 | Glimpsed the power of Zot.
 33699 | Vaults:2 | Glimpsed the power of Zot.
 33741 | Vaults:2 | Glimpsed the power of Zot.
 33744 | Vaults:2 | Reached XP level 22. HP: 172/172 MP: 43/45
 33753 | Vaults:2 | Touched by the power of Zot.
 33872 | Vaults:2 | Glimpsed the power of Zot.
 33926 | Vaults:2 | Glimpsed the power of Zot.
 33966 | Vaults:2 | Glimpsed the power of Zot.
 33975 | Vaults:2 | Glimpsed the power of Zot.
 33976 | Vaults:2 | Touched by the power of Zot.
 34096 | Vaults:2 | Glimpsed the power of Zot.
 34159 | Vaults:2 | Glimpsed the power of Zot.
 34203 | Vaults:2 | Glimpsed the power of Zot.
 34216 | Vaults:2 | Glimpsed the power of Zot.
 34218 | Vaults:2 | Touched by the power of Zot.
 34279 | Vaults:2 | Found Elenio's Book Shop.
 34319 | Vaults:2 | Glimpsed the power of Zot.
 34370 | Vaults:2 | Glimpsed the power of Zot.
 34410 | Vaults:2 | Glimpsed the power of Zot.
 34419 | Vaults:2 | Glimpsed the power of Zot.
 34420 | Vaults:2 | Touched by the power of Zot.
 34455 | Vaults:3 | Found a staircase to the Crypt.
 34469 | Vaults:3 | HP: 5/159 [spectral ettin[a revenant] (10)]
 34475 | Vaults:3 | Elyvilon protects you from harm!
 34479 | Vaults:3 | HP: 6/150 [something] (6)]
 34479 | Vaults:3 | Demolished by an ancient champion

Illustrated notes

Levels and vault maps discovered:
D:1:      elethiomel_arrival_infinity_welcomes_careful_drivers,
          layout_loops_ring, minmay_domino_2
D:2:      minmay_wonky_spiral, layout_loops_ring, serial_shops, shop,
          nicolae_shop_window_shopping, shop, shop_coins,
          nicolae_shop_hallway_stairs, basic_altar,
          shapermc_ecumenical_altar_rom_forum
D:3:      layout_basic
D:4:      layout_rooms
D:5:      layout_basic, nicolae_uskayaw_murder_on_the_dancefloor,
          beargit_hepliaklqana_dungeon_heroes, minmay_temple_entry_trees
D:6:      layout_rooms, mainiacjoe_overflow_boulevard, led_sif_book,
          chequers_serial_rivers_marsh, minmay_pentangle
D:7:      cheibrodos_fertilizer, layout_cave_pools, gammafunk_ghost_necromancy,
          serial_shops, kennysheep_little_box, worms_lemuel
D:8:      layout_loops_ring, lemuel_round_altar,
          mainiacjoe_overflow_divided_tiny,
          nicolae_gozag_cash_rules_everything_around_me,
          nicolae_tso_besieged_by_evil, nicolae_ossuary_entry_catacombs,
          uniq_maggie, uniq_psyche
D:9:      layout_roguey, mainiacjoe_overflow_tiny_flanked
D:10:     layout_basic, mainiacjoe_overflow_surrounded_room
D:11:     layout_irregular_city, lair_entry_dummy, erik_orc_3, minivault_16,
          uniq_urug
D:12:     layout_rooms, minivault_5, dreamdust_princess_bridge, uniq_nergalle
D:13:     due_megacathedral, layout_basic, serial_corexii_hall,
          chequers_hall_statues_wall_a, corexii_hall_statues_x
D:14:     layout_small_grid, david_vaults_5, minmay_misc_feat_more_columns,
          uniq_lodul
D:15:     hangedman_depths_entry_try_elsewhere_first, layout_rooms,
          chequers_serial_rivers_micro_c, dreamdust_wishing_well,
          hangedman_abyss_or_decor_stabs, minmay_misc_feat_iff, uniq_agnes
Temple:   minmay_temple_curvy_loop
Lair:1:   dreamdust_isle_of_ice, layout_chaotic_city,
          nicolae_volcano_entry_hallway, grunt_megastairs_1, uniq_gastronok
Lair:2:   layout_loops_ring, st_stairs_7, grunt_megastairs_3
Lair:3:   layout_gridlike, palyth_hydra_swamp_entry,
          minmay_snake_entry_guardpost_small, pf_torpor_hydra,
          lemuel_fruit_fields, infiniplex_staircase_pool_2
Lair:4:   layout_layer_cave, ebering_ghost_inner_flame,
          nicolae_lair_grove_arrangements, evilmike_ambush
          [evilmike_ambush_outer_doors, evilmike_ambush_inner_wall_1],
          infiniplex_staircase_pool
Lair:5:   layout_small_grid, slime_dummy
Lair:6:   minmay_lair_end_enchanted_forest, layout_cave_pods
Swamp:1:  layout_falls_marsh, evilmike_swamp_ruin_house_1, uniq_kirke
Swamp:2:  layout_basic_swamp, ebering_ghost_rock_garden, nicolae_swamp_treefoil,
          uniq_mlioglotl, uniq_frances
Swamp:3:  cheibrodos_swamp_mausoleum, layout_falls_marsh,
          gammafunk_ghost_berserking_beasts, nicolae_swamp_ascending_descending,
          swamp_pool3
Swamp:4:  swamp_alternative, layout_basic_swamp
Snake:1:  layout_basic, nicolae_snake_serpentine_hallways, grunt_megastairs_2
Snake:2:  layout_gridlike, minmay_shop_star, grunt_megastairs_4,
          lemuel_fruit_tree, serial_bayou_shore_a
Snake:3:  layout_onion_interference, minmay_shoptagon
Snake:4:  grunt_snake_rune_spirals, layout_onion_interference, serial_shops,
          shop_statue, gammafunk_ghost_wrathful_warriors, uniq_aizul,
          uniq_asterion, uniq_nikola, uniq_vashnia
Orc:1:    cheibrodos_orc_arena, layout_caves, serial_shops, shop,
          nicolae_shop_waterfront, shop, nicolae_shop_window_shopping,
          shop_statue, uniq_josephine, uniq_harold
Orc:2:    st_orc_ogre_mass, layout_diamond_mine, basic_altar
Vaults:1: nicolae_vaults_ninety_degrees, nicolae_vaults_alarming,
          hangedman_vaults_unwind, nicolae_vaults_good_morning_starshine,
          vaults_room_corners, nicolae_vaults_what_the_h, vaults_room_fours,
          hangedman_vaults_corner_blocks, nicolae_vaults_theta,
          layout_vaults_omnibox
Vaults:2: nicolae_vaults_ring_of_whatevers, v_misc_4, ontoclasm_vaults_pinch,
          vaults_standard_mumra_enter_the_diamond, vaults_standard_mumra_x,
          ontoclasm_vaults_chip, hangedman_vaults_stagger,
          vaults_mumra_minichess_inversion, vaults_room_pools,
          nicolae_vaults_little_squares_5, nicolae_vaults_octagons,
          nicolae_vaults_shelves_hall, vaults_dpeg_hooks, layout_vaults_ring,
          serial_shops, nicolae_shop_stone
Vaults:3: minmay_crypt_entry_simple_round, nicolae_vaults_little_squares_6,
          nicolae_vaults_angled_halls, nicolae_vaults_three_branches, v_misc_15,
          v_misc_8, vaults_room_pools, nicolae_vaults_mini_display_case,
          layout_vaults_omnigrid

Skill      XL: |  1  2  3  4  5  6  7  8  9 10 11 12 13 14 15 16 17 18 19 20 21 22 |
---------------+-------------------------------------------------------------------+-----
Conjurations   | 5 6 7 9 10 14 15 | 15.0
Fighting       | 1 2 3 5 9 |  9.5
Maces & Flails | 2 |  2.0
Translocations | 2 3 4 |  4.0
Air Magic      | 3 8 10 11 13 14 15 17 20 | 20.0
Spellcasting   | 4 5 7 8 10 11 13 14 15 17 18 19 | 19.8
Ice Magic      | 3 |  3.0
Armour         | 2 4 6 9 10 | 10.0
Polearms       | 3 7 10 12 14 16 18 20 | 20.8
Dodging        | 4 5 |  5.0
Invocations    | 7 10 11 15 | 15.0
Shields        | 4 |  4.0
Evocations     | 5 |  5.0
Transmutations | 7 |  7.0
Stealth        | |  1.4

Action                   |  1- 3 |  4- 6 |  7- 9 | 10-12 | 13-15 | 16-18 | 19-21 | 22-24 || total
-------------------------+-------+-------+-------+-------+-------+-------+-------+-------++-------
Melee: Whip              |     6 |    26 |     4 |     1 |       |       |       |       ||    37
       Mace              |     2 |       |       |       |       |       |       |       ||     2
       Dagger            |     2 |       |       |       |       |       |       |       ||     2
       Lance             |       |       |       |   407 |   816 |  1210 |  1240 |   132 ||  3805
       Punch             |       |       |       |     7 |     2 |       |       |       ||     9
 Cast: Magic Dart        |    12 |       |       |       |       |       |       |       ||    12
       Searing Ray       |    16 |    12 |    68 |    14 |    18 |     3 |       |       ||   131
       Iskenderun's Myst |       |     1 |    18 |    45 |    80 |    56 |   130 |    18 ||   348
       Shock             |       |       |     5 |       |       |       |       |       ||     5
       Mephitic Cloud    |       |       |     2 |     7 |    20 |       |       |       ||    29
       Freezing Cloud    |       |       |       |    20 |    29 |   109 |   116 |    10 ||   284
       Airstrike         |       |       |       |       |       |    13 |    21 |     1 ||    35
       Swiftness         |       |       |       |       |       |     1 |       |       ||     1
       Maxwell's Capacit |       |       |       |       |       |       |     1 |    10 ||    11
Invok: Purification      |       |       |       |       |    20 |    28 |    25 |     4 ||    77
       Heal Self         |       |       |       |       |       |    21 |     8 |     6 ||    35
       Divine Vigour     |       |       |       |       |       |     1 |       |       ||     1
       Heal Other        |       |       |       |       |       |       |     3 |       ||     3
Evoke: Wand              |       |       |       |       |     7 |    21 |    17 |     1 ||    46
       Piece from Xom's  |       |       |       |       |     1 |       |       |       ||     1
  Use: Scroll            |     4 |     3 |     9 |     8 |    16 |     4 |     8 |     1 ||    53
       Potion            |       |       |       |     2 |     2 |     3 |    13 |     1 ||    21
 Stab: Confused          |       |       |       |     7 |    24 |       |       |       ||    31
       Petrified         |       |       |       |       |     5 |       |       |       ||     5
Armor: Robe              |    10 |    18 |    30 |     1 |       |       |       |       ||    59
       Steam dragon scal |       |       |       |    22 |       |       |       |       ||    22
       Acid dragon scale |       |       |       |   115 |   173 |   305 |   322 |    86 ||  1001
Dodge: Dodged            |     8 |    20 |    41 |   164 |   171 |   251 |   350 |    37 ||  1042
Block: Buckler           |       |       |       |       |    45 |   179 |   210 |    40 ||   474

Table legend: (Time is in decaauts)
 A = Elapsed time spent in this place.
 B = Non-inter-level travel time spent in this place.
 C = Inter-level travel time spent in this place.
 D = Time resting spent in this place.
 E = Time spent auto-exploring this place.
 F = Levels seen in this place.
 G = Mean time per level.
                   A        B        C        D        E       F      G
               +--------+--------+--------+--------+--------+-----+--------+
         Total |  32866 |  30105 |   2761 |   3345 |  13634 |  36 |  912.9 |
       Dungeon |  12464 |  10875 |   1589 |    629 |   4986 |  15 |  830.9 |
        Temple |    115 |    102 |     13 |      0 |     52 |   1 |  115.0 |
          Lair |   6546 |   6080 |    466 |    761 |   3364 |   6 | 1091.0 |
         Swamp |   3362 |   3104 |    258 |    326 |   1004 |   4 |  840.5 |
     Snake Pit |   5596 |   5391 |    205 |    887 |   2602 |   4 | 1399.0 |
  Orcish Mines |   1695 |   1501 |    194 |    285 |    591 |   2 |  847.5 |
        Vaults |   2861 |   2827 |     34 |    455 |    932 |   3 |  953.7 |
       Ossuary |    224 |    224 |      0 |      0 |    101 |   1 |  224.0 |
               +--------+--------+--------+--------+--------+-----+--------+

Top non-repeatable levels by time:
 Snake:4: 2138 daAuts
    D:13: 2039 daAuts
 Snake:1: 1493 daAuts
Vaults:1: 1436 daAuts
Vaults:2: 1373 daAuts
 Swamp:3: 1289 daAuts
  Lair:6: 1264 daAuts
  Lair:3: 1228 daAuts
  Lair:4: 1174 daAuts
     D:8: 1157 daAuts
 Snake:3: 1126 daAuts
  Lair:1: 1076 daAuts
    D:14: 1031 daAuts
    D:11: 982 daAuts
     D:2: 959 daAuts
